 Dungeon Crawl Stone Soup version 0.18-a0-1805-g8ab820f (webtiles) character file.

739 M4edhros the Vandal (level 7, -10/52 HPs)
             Began as a Mummy Chaos Knight on Apr 26, 2016.
             Killed by divine providence
             ... invoked by an orc priest
              (12 damage)
             ... on level 4 of the Dungeon.
             The game lasted 00:04:51 (5049 turns).

M4edhros the Vandal (Mummy Chaos Knight)            Turns: 5049, Time: 00:04:52

Health: -10/52     AC:  5    Str: 15    XL:     7   Next: 46%
Magic:  7/7        EV: 11    Int: 12    God:    Xom [......]
Gold:   196        SH:  0    Dex: 13    Spells: 0 memorised, 6 levels left

rFire  x . .     SeeInvis .     j - +0 short sword (elec)
rCold  + . .     Gourm    .     b - +2 leather armour
rNeg   + + +     Faith    .     (no shield)
rPois  ∞         Spirit   .     (no helmet)
rElec  .         Dismiss  .     (no cloak)
rCorr  +         Reflect  .     (no gloves)
SustAt .         Harm     .     (no boots)
MR     .....                    (no amulet)
Stlth  +.........               (no ring)
                                d - ring of resist corrosion

@: not resistant to hostile enchantments, very unstealthy
A: no food or potions, fire vulnerability, cold resistance 1, negative energy
resistance 3, torment resistance, unbreathing
a: Renounce Religion


You were on level 4 of the Dungeon.
You worshipped Xom.
You were a very special plaything of Xom.
You were not hungry.

You visited 1 branch of the dungeon, and saw 5 of its levels.

You collected 196 gold pieces.

Inventory:

Hand Weapons
 a - a +0 spear of chaos
 j - a +0 short sword of electrocution (weapon)
 m - a +1 hunting sling of freezing
Missiles
 k - 16 sling bullets
 p - 50 stones (quivered)
Armour
 b - a +2 leather armour (worn)
Jewellery
 d - a ring of resist corrosion (left hand)
Scrolls
 c - a scroll of random uselessness {unknown}
 e - 2 scrolls of immolation
 f - 4 scrolls of remove curse
 g - 3 scrolls of identify
 h - a scroll of fog {unknown}
 i - 5 scrolls of teleportation {unknown}
 l - a scroll of enchant armour {unknown}
 n - a scroll of fear {unknown}
 o - a scroll of blinking {unknown}
 q - a scroll of magic mapping {unknown}
 r - a scroll of amnesia {unknown}


   Skills:
 - Level 3.0 Fighting
 - Level 2.9 Polearms
 + Level 6.6 Slings
 - Level 1.5 Armour
 - Level 0.7 Dodging


You had 6 spell levels left.
You didn't know any spells.

Dungeon Overview and Level Annotations

Branches:
Dungeon (5/15)
 Temple: D:4-7

Altars:
Dithmenos
Xom


Innate Abilities, Weirdness & Mutations

You do not eat or drink.
Your flesh is vulnerable to fire.
You are immune to poison.
Your flesh is cold resistant.
You are immune to negative energy.
You are immune to unholy pain and torment.
You can survive without breathing.


Message History

The worker ant bites you. The worker ant barely misses you.
An orc comes into view. It is wielding a trident of protection.
The orc shouts!
You hit the worker ant.
The worker ant is heavily wounded.
The worker ant bites you.
You are too injured to fight recklessly!
The orc closely misses you.
The orc priest calls down the wrath of Beogh upon you.
Beogh smites you!
* * * LOW HITPOINT WARNING * * *
The worker ant bites you.
* * * LOW HITPOINT WARNING * * *
You can't drink.
Read which item? (? for menu, Esc to quit)
Okay, then.
The orc priest mumbles some strange prayers to Beogh against you.
Beogh smites you!
You die...
Xom chortles!

.........##'###
.......o......#
###..............#
).##########o....#
...........#.....#
...........#...o.#
..##.......#.....#
..##.......#....a# ..
...#.......#....@##+##...
..##.......#.............
..##.......##'###........
...#.......#....#........
...#.......#....#........
####.......#....#.....##
...#.......#....'.....#
...#.......##...#.....#
...#.......##...#.....#


You could see a worker ant, 2 orc priests and an orc.

Vanquished Creatures
  An ice beast (D:5)
  A centaur (D:5)
  A scorpion (D:2)
  A crimson imp (D:5)
  A jelly (D:5)
  An orc priest (D:4)
  A centaur skeleton (D:5)
  An iguana (D:4)
  An orc wizard (D:5)
  6 worker ants
  10 adders
  2 river rats (D:3)
  An adder skeleton (D:5)
  A worm (D:2)
  A worm (shapeshifter) (D:3)
  4 giant geckos
  12 orcs
  5 ball pythons
  5 giant cockroaches
  7 hobgoblins
  A quokka (D:4)
  13 bats
  2 giant newts
  6 goblins
  6 kobolds
  10 rats
101 creatures vanquished.

Notes
Turn   | Place    | Note
--------------------------------------------------------------
     0 | D:1      | M4edhros the Mummy Chaos Knight began the quest for the Orb.
     0 | D:1      | Reached XP level 1. HP: 18/18 MP: 1/1
    88 | D:1      | XOM: potion effect (invisibility)
   145 | D:1      | XOM: 7-stop teleportation journey
   180 | D:1      | XOM: harmless Hex miscast
   256 | D:1      | Reached XP level 2. HP: 24/24 MP: 2/2
   823 | D:1      | Reached skill level 1 in Slings
   909 | D:2      | XOM: noise
   915 | D:2      | Reached XP level 3. HP: 27/29 MP: 3/3
  1000 | D:2      | XOM: 6-stop teleportation journey
  1195 | D:2      | XOM: harmless Erth miscast
  1227 | D:2      | XOM: harmless Pois miscast
  1240 | D:2      | Reached skill level 2 in Slings
  1375 | D:2      | XOM: summons 4 hostile shadow creatures
  1592 | D:2      | XOM: severe Divn miscast
  1702 | D:2      | XOM: mild Trmt miscast
  1959 | D:2      | XOM: butterfly on damage
  2031 | D:2      | Reached XP level 4. HP: 19/35 MP: 4/4
  2147 | D:2      | XOM: harmless Hex miscast
  2356 | D:3      | Reached skill level 3 in Slings
  2441 | D:3      | XOM: polymorph hound -> worm
  2511 | D:3      | XOM: noise
  2653 | D:3      | Reached XP level 5. HP: 38/41 MP: 5/5
  2666 | D:3      | Found a glowing drain.
  2670 | D:3      | XOM: summons 3 hostile shadow creatures
  3185 | D:4      | Reached skill level 4 in Slings
  3263 | D:4      | XOM: harmless Ice miscast
  3438 | D:4      | XOM: harmless Conj miscast
  3461 | D:5      | Entered Level 5 of the Dungeon
  3514 | D:5      | Noticed a centaur
  3519 | D:5      | Killed a centaur
  3519 | D:5      | Reached XP level 6. HP: 6/47 MP: 6/6
  3644 | D:5      | XOM: mild Erth miscast
  3678 | D:5      | XOM: god gift: scroll labeled MORAGUONUEFF
  3798 | D:5      | Reached skill level 5 in Slings
  3868 | D:5      | XOM: scenery: create altars
  4017 | D:5      | Noticed an ice beast
  4018 | D:5      | XOM: cast spell 'Warp Weapon'
  4020 | D:5      | XOM: summons friendly white imp
  4031 | D:5      | Killed an ice beast
  4039 | D:5      | XOM: 2-stop teleportation journey
  4306 | D:5      | Reached XP level 7. HP: 49/52 MP: 7/7
  4337 | D:5      | Reached skill level 6 in Slings
  4764 | D:4      | XOM: summons 3 hostile demons
  4876 | D:2      | XOM is BORED!
  4913 | D:2      | XOM: colour smoke trail
  4973 | D:4      | Found a shadowy altar of Dithmenos.
  5045 | D:4      | HP: 1/52 [worker ant (3)]
  5049 | D:4      | Killed from afar by an orc priest

Vault maps used:
D:1:      minmay_arrival_split_and_join, corexii_hall_statues_x,
          minmay_distorted
D:2:      first_bread
D:3:      portal_sewer_entry_e
D:4:      grunt_temple_overflow_lords_of_destruction, lemuel_crystal_altar

Skill      XL: |  1  2  3  4  5  6  7 |
---------------+----------------------+-----
Slings         | 1 2 3 4 5 6 |  6.6
Fighting       | |  3.0
Polearms       | |  2.9
Armour         | |  1.5
Dodging        | |  0.7

Action                   |  1- 3 |  4- 6 |  7- 9 || total
-------------------------+-------+-------+-------++-------
Melee: Spear             |   163 |       |       ||   163
       Short sword       |       |   176 |    67 ||   243
 Fire: Hunting sling     |       |       |     6 ||     6
  Use: Scroll            |       |     3 |       ||     3
 Stab: Sleeping          |     1 |     1 |       ||     2
       Invisible         |     1 |       |       ||     1
       Paralysed         |     1 |       |       ||     1
       Distracted        |       |     1 |       ||     1
Armor: Leather armour    |    40 |    64 |    17 ||   121
Dodge: Dodged            |    83 |   127 |    45 ||   255
